 Dungeon Crawl Stone Soup version 0.15.1-3-g1b33baa (webtiles) character file.

268 Johnny the Chiller (level 5, 0/41 HPs)
             Began as a Demigod Ice Elementalist on Oct 2, 2014.
             Slain by a centaur zombie (3 damage)
             ... in an ossuary.
             The game lasted 00:08:48 (3063 turns).

Johnny the Chiller (Demigod Ice Elementalist)       Turns: 3063, Time: 00:08:48

HP   0/41        AC  5     Str 11      XL: 5   Next: 68%
MP  12/12        EV  9     Int 20      God:
Gold 134         SH  0     Dex 16      Spells:  3 memorised,  2 levels left

rFire  . . .     SeeInvis .     p - +0 war axe
rCold  . . .     Clarity  .     s - +0 ring mail
rNeg   . . .     rCorr    .     (no shield)
rPois  .         rRot     .     (no helmet)
rElec  .         Spirit   .     (no cloak)
SustAb .         Warding  .     (no gloves)
rMut   .         Stasis   .     (no boots)
Gourm  .                        (no amulet)
MR     .....                    (no ring)
                                (no ring)

@: flying, not resistant to hostile enchantments, unstealthy
A: weak 1
a: no special abilities


You were in an ossuary.
You were near starving.

You visited 1 branch of the dungeon, and saw 4 of its levels.
You also visited: Ossuary.

You collected 134 gold pieces.

Inventory:

Hand weapons
 p - a +0 war axe (weapon)
Armour
 a - a cursed +0 pair of gloves
 s - a +0 ring mail (worn)
Magical devices
 m - a wand of flame (17)
Comestibles
 c - a bread ration
 j - a beef jerky
 k - 2 slices of pizza
 n - 3 fruits
Scrolls
 d - 3 scrolls of amnesia
 f - a scroll of remove curse
 l - 3 scrolls of teleportation
 q - a scroll of immolation {unknown}
Potions
 o - a potion of lignification
Books
 b - a book of Frost

   Spells                             Type                      Level
   *Freeze                            Ice                          1
   Throw Frost                        Conjuration/Ice              2
   Ozocubu's Armour                   Charms/Ice                   3
   Throw Icicle                       Conjuration/Ice              4
   *Summon Ice Beast                  Ice/Summoning                4
   Condensation Shield                Ice                          4
 e - a book of Geomancy

   Spells                             Type                      Level
   Sandblast                          Earth                        1
   *Stoneskin                         Transmutation/Earth          2
   Passwall                           Transmutation/Earth          3
   Stone Arrow                        Conjuration/Earth            3
   Petrify                            Transmutation/Earth          4
   Lee's Rapid Deconstruction         Earth                        5


   Skills:
 * Level 1.8 Fighting
 + Level 1.1 Armour
 * Level 2.9 Dodging
 + Level 2.7 Stealth
 * Level 2.5 Spellcasting
   Level 0.8 Conjurations
 * Level 1.0 Summonings
 * Level 3.3 Ice Magic
 * Level 1.1 Earth Magic
 + Level 0.4 Evocations


You had 2 spell levels left.
You knew the following spells:

 Your Spells              Type           Power        Failure   Level  Hunger
a - Freeze                Ice            ###.         10%         1    None
b - Summon Ice Beast      Ice/Summ       ##......     91%         4    ####...
c - Stoneskin             Trmt/Erth      #.......     30%         2    ##.....


Dungeon Overview and Level Annotations

Branches:
Dungeon (4/15)
 Temple: D:4-7


Innate Abilities, Weirdness & Mutations

You are weak. (Str -2)


Message History

The centaur zombie hits you.
* * * LOW HITPOINT WARNING * * *
The elf zombie barely misses you.
You are too injured to fight recklessly!
You are too injured to fight recklessly!
Unknown command.
The centaur zombie hits you but does no damage.
The centaur zombie hits you.
* * * LOW HITPOINT WARNING * * *
Drink which item? (? for menu, Esc to quit)
You feel very buoyant.
You fly up into the air.
It was a potion of flight.
The centaur zombie hits you.
* * * LOW HITPOINT WARNING * * *
The centaur zombie hits you but does no damage.
Drink which item? (? for menu, Esc to quit)
You feel extremely strange.
You feel jittery.
You feel a little less jittery.
You feel weaker.
It was a potion of mutation.
The centaur zombie hits you.
You die...

######################
#....................#
#........ZZ@.........#
#....###......#'#....#
#...## ##....##.##...#
#...# #....#...#...#
#...# #....#.###...#
#..## ##..##.#.##..#
#.. #..#..#..#..# #..
#..#..##'#.∩# #..
#..#.....#..#


You could see an elf zombie and a centaur zombie.

Vanquished Creatures
  An elf zombie (Ossuary)
  An orc priest (D:3)
  A worker ant (D:4)
  2 big kobold zombies (Ossuary)
  A mummy (Ossuary)
  6 adders
  2 adder zombies (Ossuary)
  2 orcs
  A bat skeleton (D:4)
  3 giant cockroaches (D:2)
  6 hobgoblins
  2 quokkas
  A bat (D:3)
  A giant newt (D:2)
  2 goblins
  A goblin zombie (Ossuary)
  4 hobgoblin zombies (Ossuary)
  A jackal zombie (Ossuary)
  4 kobolds
  4 kobold zombies (Ossuary)
  An orc zombie (Ossuary)
  A quokka zombie (Ossuary)
  4 rats
  3 rat zombies (Ossuary)
55 creatures vanquished.

Notes
Turn   | Place    | Note
--------------------------------------------------------------
     0 | D:1      | Johnny, the Demigod Ice Elementalist, began the quest for the Orb.
     0 | D:1      | Reached XP level 1. HP: 14/14 MP: 3/3
   576 | D:2      | Reached XP level 2. HP: 19/22 MP: 0/5
   963 | D:2      | Found a stormy altar of Qazlal.
   967 | D:2      | Found a deep blue altar of Sif Muna.
   969 | D:2      | Found a sparkling altar of Nemelex Xobeh.
  1330 | D:2      | Reached skill level 3 in Ice Magic
  1330 | D:2      | Reached XP level 3. HP: 22/27 MP: 3/8
  1373 | D:3      | Reached skill level 1 in Fighting
  1759 | D:3      | Reached XP level 4. HP: 21/35 MP: 6/10
  1775 | D:3      | Learned a level 4 spell: Summon Ice Beast
  1783 | D:3      | Learned a level 2 spell: Stoneskin
  1799 | D:3      | Noticed an orc warrior
  2003 | D:4      | Found a sand-covered staircase.
  2009 | Ossuary  | Entered an ossuary
  2076 | Ossuary  | Reached skill level 1 in Armour
  2210 | Ossuary  | Reached XP level 5. HP: 17/40 MP: 12/12
  2256 | Ossuary  | Reached skill level 1 in Earth Magic
  2403 | Ossuary  | HP: 2/40 [elf zombie (4)]
  3019 | Ossuary  | Reached skill level 1 in Summonings
  3063 | Ossuary  | Gained mutation: You can translocate small distances at will. [potion of mutation]
  3063 | Ossuary  | Lost mutation: You can translocate small distances at will. [potion of mutation]
  3063 | Ossuary  | Gained mutation: You are weak. (Str -2) [potion of mutation]
  3063 | Ossuary  | Slain by a centaur zombie

Action                   |  1- 3 |  4- 6 || total
-------------------------+-------+-------++-------
Melee: Dagger            |     5 |       ||     5
       Short sword       |    14 |       ||    14
       War axe           |    10 |   104 ||   114
 Cast: Freeze            |    41 |    52 ||    93
Evoke: Wand              |       |     1 ||     1
  Use: Scroll            |     5 |       ||     5
       Potion            |       |     6 ||     6
 Stab: Sleeping          |       |     1 ||     1
  Eat: Chunk             |     2 |     2 ||     4
       Fruit             |       |     2 ||     2
